 Dungeon Crawl Stone Soup version 0.25-a0-597-gb30770a0c0 (webtiles) character file.

Game seed: 343160932802796083, levelgen mode: deterministic

1502 Glundar the Thaumaturge (level 8, -6/58 HPs)
             Began as a Gnoll Wizard on Mar 15, 2020.
             Was a Follower of Sif Muna.
             Killed by the air
             ... invoked by Gastronok
              (33 damage)
             ... on level 8 of the Dungeon.
             The game lasted 01:00:11 (11870 turns).

Glundar the Thaumaturge (Gnoll Wizard)             Turns: 11870, Time: 01:00:11

Health: -6/58      AC:  4    Str: 15    XL:     8   Next: 82%
Magic:  5/20       EV: 15    Int: 23    God:    Sif Muna [*.....]
Gold:   528        SH:  0    Dex: 14    Spells: 13/23 levels left

rFire    . . .     SeeInvis .   n - +2 dagger (venom)
rCold    . . .     Gourm    .   (no shield)
rNeg     . . .     Faith    .   a - +0 robe
rPois    .         Spirit   .   b - +0 hat
rElec    .         Reflect  .   s - +0 cloak
rCorr    .         Harm     .   (no gloves)
MR       .....                  v - +0 pair of boots
Stlth    +++.......             (no amulet)
HPRegen  0.19/turn              j - ring of flight
MPRegen  0.17/turn              t - +6 ring of strength

@: very slightly contaminated, lightly drained
A: distributed training, fangs 1, strong nose
a: Channel Magic, Renounce Religion, Evoke Flight


You were on level 8 of the Dungeon.
You worshipped Sif Muna.
Sif Muna was aware of your devotion.
You were not hungry.

You visited 2 branches of the dungeon, and saw 9 of its levels.
You also visited: Sewer.

You collected 528 gold pieces.

Inventory:

Hand Weapons
 n - a +2 dagger of venom (weapon)
 y - the +4 mace of Death's Door {protect, rN+ Stlth+, unknown}
   (You found it in a sewer)

   It grants its wielder temporary protection when it strikes (+7 to AC).
   It protects you from negative energy.
   It makes you more stealthy.
 H - a +5 hand axe of freezing
Armour
 a - a +0 robe (worn)
 b - a +0 hat (worn)
 s - a +0 cloak (worn)
 v - a +0 pair of boots (worn)
Jewellery
 j - a ring of flight (left hand)
 t - a +6 ring of strength (right hand)
 u - a cursed amulet of inaccuracy {unknown}
 J - an uncursed amulet of guardian spirit {unknown}
Wands
 K - a wand of enslavement (7)
 L - a wand of flame (27)
Scrolls
 e - 7 scrolls of teleportation {unknown}
 h - 7 scrolls of remove curse {unknown}
 i - 5 scrolls of enchant armour {unknown}
 k - a scroll of magic mapping {unknown}
 o - 10 scrolls of identify {unknown}
 p - 2 scrolls of immolation {unknown}
 q - 2 scrolls of amnesia {unknown}
 w - 3 scrolls of enchant weapon {unknown}
 x - 2 scrolls of blinking {unknown}
 C - a scroll of fog {unknown}
Potions
 c - 5 potions of heal wounds {unknown}
 f - 3 potions of brilliance {unknown}
 g - 4 potions of stabbing {unknown}
 l - a potion of resistance {unknown}
 m - 4 potions of might
 r - 10 potions of curing
 z - a potion of lignification {unknown}
 A - 2 potions of flight {unknown}
 B - a potion of ambrosia {unknown}
 D - a potion of cancellation {unknown}
 E - a potion of invisibility {unknown}
 F - a potion of degeneration {unknown}
 G - 2 potions of mutation {unknown}
 I - 2 potions of haste {unknown}
Comestibles
 d - 7 rations


   Skills:
 + Level 3.5(3.0) Fighting
 + Level 3.5(3.0) Short Blades
 + Level 3.5(3.0) Long Blades
 + Level 3.5(3.0) Axes
 + Level 3.5(3.0) Maces & Flails
 + Level 3.5(3.0) Polearms
 + Level 3.5(3.0) Staves
 + Level 3.5(3.0) Slings
 + Level 3.5(3.0) Bows
 + Level 3.5(3.0) Crossbows
 + Level 3.5(3.0) Throwing
 + Level 3.5(3.0) Armour
 + Level 5.8(5.3) Dodging
 + Level 5.5(5.0) Stealth
 + Level 3.5(3.0) Shields
 + Level 3.5(3.0) Unarmed Combat
 + Level 8.0(7.4) Spellcasting
 + Level 3.6(3.1) Conjurations
 + Level 2.9(2.4) Hexes
 + Level 2.9(2.4) Charms
 + Level 3.6(3.1) Summonings
 + Level 2.9(2.4) Necromancy
 + Level 3.6(3.1) Translocations
 + Level 2.9(2.4) Transmutations
 + Level 2.9(2.4) Fire Magic
 + Level 2.9(2.4) Ice Magic
 + Level 2.9(2.4) Air Magic
 + Level 2.9(2.4) Earth Magic
 + Level 2.9(2.4) Poison Magic
 + Level 3.9(3.3) Invocations
 + Level 3.5(3.0) Evocations


You had 13 spell levels left.
You knew the following spells:

 Your Spells              Type           Power        Failure   Level  Hunger
a - Magic Dart            Conj           ###.         1%          1    None
b - Blink                 Tloc           N/A          3%          2    None
c - Call Imp              Summ           ###.....     3%          2    None
d - Slow                  Hex            ###.....     4%          2    None
e - Mephitic Cloud        Conj/Pois/Air  ###.....     8%          3    None

Your spell library contained the following spells:

 Spells                   Type           Power        Failure   Level  Hunger
 Conjure Flame            Conj/Fire      ###.....     7%          3    None


Dungeon Overview and Level Annotations

Branches:
Dungeon (8/15)             Temple (1/1) D:6           Sewer (visited)
   Lair: D:8-11

Altars:
Ashenzari
Cheibriados
Dithmenos
Elyvilon
Fedhas
Gozag
Hepliaklqana
Kikubaaqudgha
Nemelex Xobeh
Okawaru
Qazlal
Ru
Sif Muna
Trog
Uskayaw
Vehumet
Wu Jian
Xom
Yredelemnul
Zin
The Shining One

Annotations:
D:4 Menkaure
D:8 Gastronok


Innate Abilities, Weirdness & Mutations

Your experience applies equally to all skills.
You have very sharp teeth.
Your uncanny sense of smell can sniff out nearby items.


Message History

Orders for allies: a - Attack new target. p - Attack previous target. r - Retreat! s - Stop attacking. g - Guard the area. f - Follow me.
Anything else - Cancel.
Gang up on whom?
Press: ? - help, Dir - move target cursor, f/p - Gastronok
Aim: Gastronok, wearing a +0 hat of magic resistance (lightly wounded, covering ground quickly) Attack!
Gastronok waves his eye-stalks in wide circles.
The air twists around and strikes you!!
Ouch! That really hurt!
You swap places.
Your white imp gestures at Gastronok.
The puff of frost hits Gastronok.
You swap places.
Gastronok bites your white imp!
Your white imp dies!
Gastronok waves his eye-stalks in wide circles.
The air twists around and strikes you!!
Ouch! That really hurt!
You die...

#......#...#.#.†.........
#######..#.#.#.#.#.......
......#.##...#.#.#.......
......._.......#.#.......
......#.#......#.#.......
......#.###..#.#.#..(....
.#
#####.#......#.#.#.......
..
#...#.#.####.#.#.#.......
.. #...#.#+####.#.#@#
#............#.#.#
#..............#.#
#..............#5########
+...........#.>#.#.......
#...........# #5#.......
#...........# #w#.......
#...........# #.........
#...........# #.........


You could see Gastronok, a friendly iron imp and a friendly white imp.

Vanquished Creatures
  An ice beast (D:6)
  A necrophage (D:6)
  2 centaurs
  A big kobold (Sewer)
  A wyvern skeleton (D:7)
  A scorpion (D:8)
  2 wights (D:6)
  A bullfrog zombie (D:8)
  A bullfrog skeleton (D:6)
  An orc priest (D:7)
  An iguana (D:8)
  An orc wizard (D:7)
  2 worker ants
  8 river rats (Sewer)
  9 adders
  6 leopard geckos
  4 orcs
  4 ball pythons
  6 giant cockroaches
  5 goblins
  4 hobgoblins
  2 jackals
  5 kobolds
  3 quokkas
  5 bats
  6 frilled lizards
  A leopard gecko zombie (D:6)
  9 rats
93 creatures vanquished.

Vanquished Creatures (collateral kills)
  Grinder (D:6)
  An ogre (D:6)
  A centaur (D:7)
  A bullfrog (D:6)
  2 scorpions (D:7)
  A wight (D:5)
  A bullfrog zombie (D:7)
  A crimson imp (D:7)
  A jelly (D:7)
  A centaur skeleton (D:4)
  Terence (D:2)
  2 iguanas (D:6)
  2 worker ants
  2 orc wizards
  5 adders
  4 river rats
  A shadow imp (D:6)
  An ooze (D:4)
  An adder skeleton (D:8)
  A worm (D:2)
  A dart slug (D:3)
  A leopard gecko (D:2)
  13 orcs
  9 jackals (D:3)
  2 quokkas
  4 ball pythons
  A bat (D:3)
  15 kobolds
  A leopard gecko zombie (D:5)
  11 rats
89 creatures vanquished.

Grand Total: 182 creatures vanquished

Notes
Turn   | Place    | Note
-------+----------+-------------------------------------------
     0 | D:1      | Glundar the Gnoll Wizard began the quest for the Orb.
     0 | D:1      | Reached XP level 1. HP: 13/13 MP: 8/8
   155 | D:1      | Reached XP level 2. HP: 19/19 MP: 6/10
   847 | D:1      | Reached XP level 3. HP: 25/25 MP: 9/11
   948 | D:2      | Noticed Terence
  1053 | D:2      | Reached skill level 1 in Invocations
  1215 | D:2      | Reached skill level 1 in Fighting
  1215 | D:2      | Reached skill level 1 in Short Blades
  1215 | D:2      | Reached skill level 1 in Long Blades
  1215 | D:2      | Reached skill level 1 in Axes
  1215 | D:2      | Reached skill level 1 in Maces & Flails
  1215 | D:2      | Reached skill level 1 in Polearms
  1215 | D:2      | Reached skill level 1 in Staves
  1215 | D:2      | Reached skill level 1 in Slings
  1215 | D:2      | Reached skill level 1 in Bows
  1215 | D:2      | Reached skill level 1 in Crossbows
  1215 | D:2      | Reached skill level 1 in Throwing
  1215 | D:2      | Reached skill level 1 in Armour
  1215 | D:2      | Reached skill level 1 in Shields
  1215 | D:2      | Reached skill level 1 in Unarmed Combat
  1215 | D:2      | Reached skill level 1 in Evocations
  1222 | D:2      | Reached XP level 4. HP: 32/32 MP: 3/13
  1226 | D:2      | Learned a level 2 spell: Blink
  1229 | D:2      | Learned a level 2 spell: Call Imp
  1232 | D:2      | Learned a level 2 spell: Slow
  1405 | D:2      | Found a sparkling altar of Nemelex Xobeh.
  1561 | D:2      | Killed Terence
  2104 | D:3      | Reached skill level 1 in Hexes
  2104 | D:3      | Reached skill level 1 in Charms
  2104 | D:3      | Reached skill level 1 in Necromancy
  2104 | D:3      | Reached skill level 1 in Transmutations
  2104 | D:3      | Reached skill level 1 in Fire Magic
  2104 | D:3      | Reached skill level 1 in Ice Magic
  2104 | D:3      | Reached skill level 1 in Air Magic
  2104 | D:3      | Reached skill level 1 in Earth Magic
  2104 | D:3      | Reached skill level 1 in Poison Magic
  2554 | D:3      | Found a glowing drain.
  2566 | Sewer    | Entered a sewer
  2668 | Sewer    | Reached XP level 5. HP: 29/37 MP: 1/14
  2759 | Sewer    | Learned a level 3 spell: Mephitic Cloud
  2934 | Sewer    | Noticed a big kobold
  2960 | Sewer    | Killed a big kobold
  3090 | Sewer    | Reached XP level 6. HP: 28/44 MP: 8/16
  3548 | Sewer    | Got a polished mace
  3700 | Sewer    | Reached skill level 5 in Dodging
  4752 | D:4      | Noticed Menkaure
  5651 | D:5      | Entered Level 5 of the Dungeon
  6073 | D:5      | Found an iron altar of Okawaru.
  6209 | D:6      | Found a staircase to the Ecumenical Temple.
  6226 | Temple   | Entered the Ecumenical Temple
  6382 | Temple   | Became a worshipper of Sif Muna the Loreminder
  6488 | D:6      | Reached XP level 7. HP: 32/50 MP: 7/18
  7777 | D:6      | Reached skill level 5 in Stealth
  8182 | D:6      | Reached XP level 8. HP: 32/57 MP: 10/19
  8323 | D:6      | Noticed Grinder
  8330 | D:6      | Paralysed by Grinder for 3 turns
  8335 | D:6      | Paralysed by Grinder for 6 turns
  8366 | D:6      | Paralysed by Grinder for 3 turns
  8479 | D:6      | Killed Grinder
 10530 | D:7      | Reached skill level 8 in Spellcasting
 11155 | D:7      | Found a shadowy altar of Dithmenos.
 11156 | D:7      | Found a blossoming altar of Fedhas.
 11156 | D:7      | Found a glowing silver altar of Zin.
 11156 | D:7      | Found a snail-covered altar of Cheibriados.
 11501 | D:8      | Found a hazy altar of Hepliaklqana.
 11733 | D:8      | Reached * piety under Sif Muna
 11845 | D:8      | Noticed Gastronok
 11870 | D:8      | Killed from afar by Gastronok

Levels and vault maps discovered:
D:1:      dpeg_arrival_rooms_b, layout_loops_corners
D:2:      layout_loops_ring, nemelex_xobeh_ov_fountains_minmay, uniq_terence
D:3:      layout_loops_cross, portal_sewer_entry_a, first_ration
D:4:      layout_loops_ring, uniq_menkaure
D:5:      layout_loops_ring, kennysheep_little_box
D:6:      layout_loops_cross, minmay_temple_entry_mist, uniq_grinder
D:7:      layout_loops_corners, chequers_temple_overflow_statue_of_worship
D:8:      layout_basic, lemuel_crystal_altar, lemuel_coloured_pillars_altar,
          uniq_gastronok
Temple:   regret_index_temple_generic_petals

Skill      XL: |  1  2  3  4  5  6  7  8 |
---------------+-------------------------+-----
Conjurations   | 2 3 |  3.6
Summonings     | 2 3 |  3.6
Translocations | 2 3 |  3.6
Invocations    | 1 2 3 |  3.9
Fighting       | 1 2 3 |  3.5
Short Blades   | 1 2 3 |  3.5
Long Blades    | 1 2 3 |  3.5
Axes           | 1 2 3 |  3.5
Maces & Flails | 1 2 3 |  3.5
Polearms       | 1 2 3 |  3.5
Staves         | 1 2 3 |  3.5
Slings         | 1 2 3 |  3.5
Bows           | 1 2 3 |  3.5
Crossbows      | 1 2 3 |  3.5
Throwing       | 1 2 3 |  3.5
Armour         | 1 2 3 |  3.5
Shields        | 1 2 3 |  3.5
Unarmed Combat | 1 2 3 |  3.5
Evocations     | 1 2 3 |  3.5
Hexes          | 1 2 |  2.9
Charms         | 1 2 |  2.9
Necromancy     | 1 2 |  2.9
Transmutations | 1 2 |  2.9
Fire Magic     | 1 2 |  2.9
Ice Magic      | 1 2 |  2.9
Air Magic      | 1 2 |  2.9
Earth Magic    | 1 2 |  2.9
Poison Magic   | 1 2 |  2.9
Dodging        | 5 |  5.8
Stealth        | 5 |  5.5
Spellcasting   | 8 |  8.0

Action                   |  1- 3 |  4- 6 |  7- 9 || total
-------------------------+-------+-------+-------++-------
Melee: Dagger            |       |    61 |    98 ||   159
       Bite              |       |     6 |    16 ||    22
 Cast: Magic Dart        |    70 |    93 |    75 ||   238
       Call Imp          |       |    94 |   119 ||   213
       Blink             |       |     3 |       ||     3
       Mephitic Cloud    |       |       |     3 ||     3
 Abil: Evoke Flight      |       |     1 |       ||     1
  Use: Potion            |       |       |     2 ||     2
 Stab: Distracted        |       |     1 |     2 ||     3
       Confused          |       |       |     2 ||     2
  Eat: Chunk             |     1 |    12 |     8 ||    21
       Ration            |       |     1 |     3 ||     4
Armor: Robe              |     1 |    29 |    14 ||    44
Dodge: Dodged            |    12 |   121 |    78 ||   211

Table legend:
 A = Non-vault XP
 B = Vault XP
 C = Vault XP percentage of total XP
 D = Non-vault monster count
 E = Vault monster count
 F = Vault count percentage of total count
                 A         B        C        D         E       F
            +---------+---------+-------+---------+---------+-------
      Total |    1652 |     494 |  23.0 |     126 |      56 |  30.8
            +---------+---------+-------+---------+---------+-------
        D:1 |      34 |       0 |   0.0 |      20 |       0 |   0.0
        D:2 |      77 |      20 |  20.6 |      18 |       1 |   5.3
        D:3 |      40 |      15 |  27.3 |      24 |       6 |  20.0
        D:4 |      96 |       0 |   0.0 |      11 |       0 |   0.0
        D:5 |      59 |       0 |   0.0 |       5 |       0 |   0.0
        D:6 |     721 |     173 |  19.4 |      20 |       1 |   4.8
        D:7 |     478 |       0 |   0.0 |      19 |       0 |   0.0
        D:8 |     147 |       0 |   0.0 |       9 |       0 |   0.0
      Sewer |       0 |     286 | 100.0 |       0 |      48 | 100.0
            +---------+---------+-------+---------+---------+-------
